 Dungeon Crawl Stone Soup version 0.29-a0-266-gf56f883ddd (webtiles) character file.

Game seed: 11816605564593107964

62 Angani the Bolt Thrower (level 3, -1/29 HPs)
             Began as a Draconian Hunter on Mar 7, 2022.
             Slain by a +3 rapier of speed (5 damage)
             ... created by the rancor of the Wu Jian Council
             ... on level 3 of the Dungeon.
             The game lasted 00:02:37 (1275 turns).

Angani the Bolt Thrower (Draconian Hunter)          Turns: 1275, Time: 00:02:38

Health: -1/29      AC:  6    Str: 14    XL:     3   Next: 85%
Magic:  3/3        EV: 12    Int: 11    God:
Gold:   108        SH:  0    Dex: 13    Spells: 2/2 levels left

rFire   . . .      SeeInvis .   a - +1 hand crossbow
rCold   . . .      Faith    .   (no shield)
rNeg    . . .      Spirit   .   (body armour unavailable)
rPois   .          Reflect  .   (helmet restricted)
rElec   .          Harm     .   (no cloak)
rCorr   .          Rampage  .   g - +0 pair of gloves
Will    .....                   (no boots)
Stlth   ++........              (no amulet)
HPRegen 0.09/turn               (no ring)
MPRegen 0.08/turn               (no ring)

@: spiked
A: AC +5, unfitting armour, cold-blooded
a: no special abilities


You were on level 3 of the Dungeon.
You visited 1 branch of the dungeon, and saw 3 of its levels.

You collected 108 gold pieces.

Inventory:

Hand Weapons
 a - a +1 hand crossbow (weapon)
Armour
 g - a +0 pair of gloves (worn)
Jewellery
 i - a ring of see invisible
Scrolls
 b - 5 scrolls of immolation
 c - a scroll of identify
Potions
 d - a potion of attraction
 f - 2 potions of heal wounds
 h - a potion of curing


   Skills:
 - Level 2.1 Fighting
 + Level 5.0 Crossbows
 - Level 1.7 Dodging
 - Level 0.8 Stealth


You had 2 spell levels left.
You didn't know any spells.
Your spell library was empty.

Dungeon Overview and Level Annotations

Branches:
Dungeon (3/15)

Altars:
Fedhas
Wu Jian

Shops:
D:3 ?


Innate Abilities, Weirdness & Mutations

Your plain brown scales are hard. (AC +5)
You cannot fit into any form of body armour.
You are cold-blooded and may be slowed by cold attacks.


Message History

Press: ? - help, Q - select action Shift-Dir - straight line, f - kobold
Aim: a kobold, wielding a +0 club and quivering stones (56% to hit)
You shoot a bolt. The bolt completely misses the kobold.
The kobold closely misses you.
Unknown command.
Unknown command.
Unknown command.
Shoot: a) +1 hand crossbow
Press: ? - help, Q - select action Shift-Dir - straight line, f/p - kobold
Aim: a kobold, wielding a +0 club and quivering stones (56% to hit)
You shoot a bolt. The bolt hits the kobold.
You kill the kobold!
Unknown command.
Unknown command.
You start resting.
Sifu Yunchang says: Die by a thousand cuts! 5 dancing weapons come into view.
There is a +3 vorpal quarterstaff.
There is a +1 dire flail of speed.
There is a +0 broad axe of flaming.
There is a +2 vorpal dire flail.
There is a +3 rapier of speed.
There are monsters nearby!
Unknown command.
The barbs in your skin will harm you if you move.
Continue?
Okay, then.
Unknown command.
Unknown command.
As you read the scroll of fog, it crumbles to dust.
The scroll dissolves into smoke.
Unknown command.
Unknown command.
The +3 vorpal quarterstaff barely misses you.
Unknown command.
The +3 rapier of speed barely misses you.
The +3 vorpal quarterstaff closely misses you.
The +1 dire flail of speed hits you.
The +2 vorpal dire flail hits you but does no damage.
The +3 rapier of speed hits you but does no damage.
Unknown command.
The +1 dire flail of speed hits you!
* * * LOW HITPOINT WARNING * * *
The +3 rapier of speed hits you.
You die...

### #.... ####.##.....
....'...... #).'..(...
#..)...... #..##.....
#§## ..) #(# #
.######@###
.....§((((# #
#######§#§######.#
#.#.<....... ####
#.#........# ##...##
#.##.......#
#.#.....###.....[....#
......>..............#
#..........>∩........#


You could see 5 dancing weapons.

Vanquished Creatures
  3 adders (D:2)
  3 ball pythons
  3 endoplasms (D:1)
  A giant cockroach (D:1)
  5 hobgoblins
  2 quokkas
  3 bats
  2 frilled lizards
  A goblin (D:1)
  8 kobolds
  2 rats (D:1)
33 creatures vanquished.

Vanquished Creatures (collateral kills)
  A hobgoblin (D:2)
  A frilled lizard (D:2)
2 creatures vanquished.

Vanquished Creatures (others)
  32 plants
32 creatures vanquished.

Grand Total: 67 creatures vanquished

Notes
Turn   | Place    | Note
-------+----------+-------------------------------------------
     0 | D:1      | Angani the Draconian Hunter began the quest for the Orb.
     0 | D:1      | Reached XP level 1. HP: 17/17 MP: 1/1
   303 | D:1      | Reached skill level 4 in Crossbows
   354 | D:1      | Reached XP level 2. HP: 24/24 MP: 2/2
   489 | D:1      | Found a faded altar of an unknown god.
   496 | D:1      | Prayed at the altar of an unknown god.
   496 | D:1      | Became a worshipper of the Wu Jian Council
   496 | D:1      | Reached * piety under Wu Jian
   538 | D:1      | Fell from the grace of Wu Jian
   763 | D:2      | Found a blossoming altar of Fedhas.
   802 | D:2      | Reached XP level 3. HP: 29/29 MP: 3/3
  1134 | D:2      | Reached skill level 5 in Crossbows
  1144 | D:3      | Found Rocsoseo's Magic Scroll Shop.
  1271 | D:3      | Noticed a +3 vorpal quarterstaff
  1271 | D:3      | Noticed a +1 dire flail of speed
  1271 | D:3      | Noticed a +0 broad axe of flaming
  1271 | D:3      | Noticed a +2 vorpal dire flail
  1271 | D:3      | Noticed a +3 rapier of speed
  1275 | D:3      | Slain by a +3 rapier of speed

Illustrated notes

Levels and vault maps discovered:
D:1:      amcnicky_arrival_underground_garden, layout_loops_ring,
          basic_ecumenical_altar, minmay_split_cup_small
D:2:      layout_rooms, basic_altar, serial_bayou_lagoon_a
D:3:      cheibrodos_fertilizer, layout_loops_ring, nicolae_uskayaw_dance_hall,
          serial_shops, shop, columned_hall_lemuel, serial_bayou_ford_a

Skill      XL: |  1  2  3 |
---------------+----------+-----
Crossbows      | 4 5 |  5.0
Fighting       | |  2.1
Dodging        | |  1.7
Stealth        | |  0.8

Action                   || total
-------------------------++-------
 Fire: Hand crossbow     ||    78
Invok: Renounce Religion ||     1
  Use: Scroll            ||     6
       Potion            ||     2
Armor: Skin              ||    18
Dodge: Dodged            ||    43

Table legend: (Time is in decaauts)
 A = Elapsed time spent in this place.
 B = Non-inter-level travel time spent in this place.
 C = Inter-level travel time spent in this place.
 D = Time resting spent in this place.
 E = Time spent auto-exploring this place.
 F = Levels seen in this place.
 G = Mean time per level.
                   A        B        C        D        E       F      G
               +--------+--------+--------+--------+--------+-----+--------+
         Total |   1287 |   1240 |     47 |     88 |    930 |   3 |  429.0 |
       Dungeon |   1287 |   1240 |     47 |     88 |    930 |   3 |  429.0 |
               +--------+--------+--------+--------+--------+-----+--------+

Top non-repeatable levels by time:
     D:1: 751 daAuts
     D:2: 401 daAuts
     D:3: 134 daAuts
